 Dungeon Crawl Stone Soup version 0.28-a0-1493-g08698888e4 (webtiles) character file.

Game seed: 639753977074822082

32 lonewolfV2 the Conjurer (level 3, 0/25 HPs)
             Began as a Gnoll Conjurer on Jan 12, 2022.
             Slain by an adder (2 damage)
             ... on level 3 of the Dungeon.
             The game lasted 00:03:10 (1218 turns).

lonewolfV2 the Conjurer (Gnoll Conjurer)            Turns: 1218, Time: 00:03:11

Health: 0/25       AC:  2    Str:  6    XL:     3   Next: 25%
Magic:  5/9        EV: 13    Int: 19    God:
Gold:   72         SH:  0    Dex: 10    Spells: 9/12 levels left

rFire   . . .      SeeInvis +   (no weapon)
rCold   . . .      Faith    .   (no shield)
rNeg    . . .      Spirit   .   a - +0 robe
rPois   .          Reflect  .   (no helmet)
rElec   .          Harm     .   (no cloak)
rCorr   .          Rampage  .   (no gloves)
Will    .....                   (no boots)
Stlth   ++........              (no amulet)
HPRegen 0.08/turn               b - ring of see invisible
MPRegen 0.11/turn               (no ring)

@: no status effects
A: fangs 1, strong nose, distributed training
a: no special abilities


You were on level 3 of the Dungeon.
You visited 1 branch of the dungeon, and saw 3 of its levels.

You collected 72 gold pieces.

Inventory:

Missiles
 d - a throwing net
Armour
 a - a +0 robe (worn)
Jewellery
 b - a ring of see invisible (left hand)
 c - a ring of magical power
Scrolls
 e - a scroll of fog
Potions
 f - a potion of heal wounds {unknown}
 g - a potion of flight {unknown}
 h - a potion of attraction {unknown}


   Skills:
 + Level 0.7 Fighting
 + Level 0.7 Short Blades
 + Level 0.7 Long Blades
 + Level 0.7 Axes
 + Level 0.7 Maces & Flails
 + Level 0.7 Polearms
 + Level 0.7 Staves
 + Level 0.7 Slings
 + Level 0.7 Bows
 + Level 0.7 Crossbows
 + Level 0.7 Throwing
 + Level 0.7 Armour
 + Level 4.5 Dodging
 + Level 4.1 Stealth
 + Level 0.7 Shields
 + Level 0.7 Unarmed Combat
 + Level 5.0 Spellcasting
 + Level 7.1 Conjurations
 + Level 0.5 Hexes
 + Level 0.5 Summonings
 + Level 0.5 Necromancy
 + Level 0.5 Translocations
 + Level 0.5 Transmutations
 + Level 0.5 Fire Magic
 + Level 0.5 Ice Magic
 + Level 0.5 Air Magic
 + Level 0.5 Earth Magic
 + Level 0.5 Poison Magic
 + Level 0.9 Invocations
 + Level 0.7 Evocations


You had 9 spell levels left.
You knew the following spells:

 Your Spells              Type           Power      Damage    Failure   Level
a - Magic Dart            Conj           100%       1d8       1%          1
b - Searing Ray           Conj           62%        2d6       1%          2

Your spell library contained the following spells:

 Spells                   Type           Power      Damage    Failure   Level
 Conjure Flame            Conj/Fire      19%        6-21      8%          3
 Dazzling Flash           Conj/Hex       38%        N/A       8%          3
 Fulminant Prism          Conj/Hex       9%         3d7       26%         4
 Iskenderun's Mystic Bla  Conj/Tloc      19%        2d6       26%         4
 Sticky Flame             Conj/Fire      19%        2d4       26%         4
 Ignite Poison            Fire/Tmut/Pois 6%         N/A       30%         3


Dungeon Overview and Level Annotations

Branches:
Dungeon (3/15)

Altars:


Innate Abilities, Weirdness & Mutations

You have very sharp teeth.
Your uncanny sense of smell can sniff out nearby items.
Your experience applies equally to all skills.


Message History

The adder hisses angrily.
Casting: Magic Dart (safe; 1% risk of failure)
Confirm with . or Enter, or press ? or * to list all spells.
Aiming: Searing Ray (safe; 1% risk of failure)
Press: ? - help, Shift-Dir - straight line, f - adder
Aim: an adder (66% to hit)
The searing ray hits the adder.
The adder is heavily wounded. (Press . to maintain the ray.)
The searing ray hits the adder.
The adder is severely wounded.
The searing ray misses the adder.
The adder misses you. The goblin hits you with a +0 club.
The adder barely misses you.
The searing ray hits the adder.
The adder is almost dead.
You finish channelling your searing ray.
The goblin misses you. The adder barely misses you.
The adder barely misses you. The goblin hits you with a +0 club.
The adder bites you. The goblin hits you with a +0 club.
The adder barely misses you. The goblin hits you with a +0 club.
The adder bites you. The adder bites you.
You are poisoned.
The adder poisons you! The goblin completely misses you.
You feel sick. The adder completely misses you. The goblin misses you.
You feel sick. The adder completely misses you. The goblin barely misses you.
The adder barely misses you.
You feel sick. The goblin barely misses you.
You feel sick.
You feel sick.
You are no longer poisoned.
The adder barely misses you.
There is an escape hatch in the floor here.
The adder bites you.
* * * LOW HITPOINT WARNING * * *
The goblin closely misses you.
You slide downwards.
The hatch slams shut behind you.
Found four items.
Found a stone staircase leading down.
The adder bites you.
You die...

##### #[..#
#...# ∆#
####..S##.#
#......@..#
#.>....g.......
#.......(..!...
####...........
#.......####
#....##.#
##.#.# .# .....
..


You could see an adder and a goblin.

Vanquished Creatures
  A worm (D:2)
  2 dart slugs
  5 endoplasms
  A giant cockroach (D:1)
  2 goblins (D:1)
  A hobgoblin (D:1)
  A quokka (D:1)
  3 ball pythons
  2 bats
  2 frilled lizards (D:1)
  3 kobolds (D:1)
  A rat (D:1)
24 creatures vanquished.

Notes
Turn   | Place    | Note
-------+----------+-------------------------------------------
     0 | D:1      | lonewolfV2 the Gnoll Conjurer began the quest for the Orb.
     0 | D:1      | Reached XP level 1. HP: 13/13 MP: 6/6
   131 | D:1      | Reached XP level 2. HP: 19/19 MP: 3/7
   134 | D:1      | You fall into a shaft and drop 1 floor!
   222 | D:2      | Learned a level 2 spell: Searing Ray
   592 | D:1      | Reached XP level 3. HP: 25/25 MP: 7/9
   705 | D:1      | Reached skill level 5 in Spellcasting
  1218 | D:3      | Slain by an adder

Illustrated notes

Levels and vault maps discovered:
D:1:      psy_arrival_heroes, layout_rooms, minivault_27, patterned_corridor
D:2:      layout_basic
D:3:      layout_loops_ring, serial_shops, shop, nicolae_shop_waterfront,
          nicolae_diamond_shop, shop_statue,
          chequers_ecumenical_altar_simple_redux

Skill      XL: |  1  2  3 |
---------------+----------+-----
Spellcasting   | 5 |  5.0
Fighting       | |  0.7
Short Blades   | |  0.7
Long Blades    | |  0.7
Axes           | |  0.7
Maces & Flails | |  0.7
Polearms       | |  0.7
Staves         | |  0.7
Slings         | |  0.7
Bows           | |  0.7
Crossbows      | |  0.7
Throwing       | |  0.7
Armour         | |  0.7
Dodging        | |  4.5
Stealth        | |  4.1
Shields        | |  0.7
Unarmed Combat | |  0.7
Conjurations   | |  7.1
Hexes          | |  0.5
Summonings     | |  0.5
Necromancy     | |  0.5
Translocations | |  0.5
Transmutations | |  0.5
Fire Magic     | |  0.5
Ice Magic      | |  0.5
Air Magic      | |  0.5
Earth Magic    | |  0.5
Poison Magic   | |  0.5
Invocations    | |  0.9
Evocations     | |  0.7

Action                   || total
-------------------------++-------
Melee: Unarmed           ||     1
 Cast: Magic Dart        ||    36
       Searing Ray       ||     9
  Use: Scroll            ||     2
Armor: Robe              ||     1
Dodge: Dodged            ||    17

Table legend: (Time is in decaauts)
 A = Elapsed time spent in this place.
 B = Non-inter-level travel time spent in this place.
 C = Inter-level travel time spent in this place.
 D = Time resting spent in this place.
 E = Time spent auto-exploring this place.
 F = Levels seen in this place.
 G = Mean time per level.
                   A        B        C        D        E       F      G
               +--------+--------+--------+--------+--------+-----+--------+
         Total |   1218 |   1211 |      7 |      0 |   1011 |   3 |  406.0 |
       Dungeon |   1218 |   1211 |      7 |      0 |   1011 |   3 |  406.0 |
               +--------+--------+--------+--------+--------+-----+--------+

Top non-repeatable levels by time:
     D:1: 888 daAuts
     D:2: 328 daAuts
     D:3: 0 daAuts
